 Dungeon Crawl Stone Soup version 0.31.0-1-g2c135a008e (webtiles) character file.

Game seed: 5761398205739336162

63 qw the Shooter (level 4, -4/35 HPs)
             Began as a Djinni Hunter on Jan 23, 2024.
             Slain by a gnoll
             ... wielding a +0 whip
              (5 damage)
             ... on level 3 of the Dungeon.
             The game lasted 00:00:05 (1416 turns).

qw the Shooter (Djinni Hunter)                      Turns: 1416, Time: 00:00:05

Health: -4/35      AC:  6    Str: 10    XL:     4   Next: 30%
Gold:   125        EV: 11    Int: 10    God:
                   SH:  0    Dex: 19

rFire   + + .        a - +0 shortbow
rCold   x . .        (shield currently unavailable)
rNeg    . . .        f - +0 ring mail
rPois   inf          b - +0 helmet
rElec   .            (no cloak)
rCorr   .            (no gloves)
SInv    .            (boots unavailable)
Will    .....        d - amulet of faith
Stlth   +            (no ring)
HPRegen 0.25/turn    (no ring)
MPRegen 0.00/turn

%: faith, infuse magic (-5 HP)
@: flying
A: sickness immunity, fire resistance 2, cold vulnerability 1, float, innate
caster, HP casting, extra vitality 1
a: no special abilities


You were on level 3 of the Dungeon.
You visited 1 branch of the dungeon, and saw 3 of its levels.

You collected 125 gold pieces.


Innate Abilities, Weirdness & Mutations

You are immune to sickness and miasma.
You are immune to poison.
Your flesh is very heat resistant. (rF++)
You are vulnerable to cold. (rC-)
You float through the air rather than walking.
You learn spells naturally, not from books.
Your magical power is your life essence.
You have superior vitality. (+4 MHP)


   Skills:
 - Level 3.0 Fighting
 + Level 4.0 Ranged Weapons
 - Level 1.0 Armour
 - Level 2.1 Dodging
 - Level 0.7 Stealth


You knew the following spells:

 Your Spells              Type           Power      Damage    Failure   Level
a - Necrotise             Necr           0%         1d4       67%         1
Your spell library was empty.

Inventory:

Hand Weapons
 a - a +0 shortbow (weapon)
Armour
 b - a +0 helmet (worn)
 f - a +0 ring mail (worn)
Jewellery
 d - an amulet of faith (around neck)
Scrolls
 h - 4 scrolls of identify {unknown}
Potions
 c - a potion of curing
 e - 3 potions of invisibility {unknown}
 g - a potion of resistance
 i - a potion of heal wounds {unknown}
 j - a potion of haste {unknown}

Dungeon Overview and Level Annotations

Branches:
Dungeon (3/15)

Altars:
Gozag
Hepliaklqana
Ru


Message History

The arrow hits the gnoll but does no damage.
The gnoll barely misses you.
You shoot an arrow. The arrow barely misses the gnoll.
The gnoll hits you with a +2 heavy flail.
You shoot an arrow. The arrow hits the gnoll.
The gnoll is lightly wounded.
The gnoll hits you with a +2 heavy flail!
You shoot an arrow. The arrow hits the gnoll.
The gnoll is heavily wounded.
The gnoll completely misses you.
You shoot an arrow. The arrow barely misses the gnoll.
The gnoll hits you with a +2 heavy flail.
You shoot an arrow. The arrow hits the gnoll.
The gnoll is almost dead.
The gnoll hits you with a +2 heavy flail!
You shoot an arrow. The arrow hits the gnoll.
You kill the gnoll!
Your Fighting skill increases to level 3!
You start resting.
A gnoll comes into view. It is wielding a +0 whip.
You shoot an arrow. The gnoll shouts!
The arrow hits the gnoll.
The gnoll is moderately wounded.
You shoot an arrow. The arrow barely misses the gnoll.
You shoot an arrow.
The arrow hits the gnoll but does no damage.
The gnoll is moderately wounded.
You shoot an arrow. The arrow barely misses the gnoll.
The gnoll hits you with a +0 whip.
A gnoll comes into view. It is wielding a +0 spear.
You shoot an arrow. The gnoll shouts!
The arrow hits the gnoll.
The gnoll is moderately wounded.
The gnoll misses you. The gnoll hits you with a +0 whip.
You shoot an arrow. The arrow hits the gnoll.
The gnoll is severely wounded.
The gnoll hits you with a +0 whip.
You die...

# ###. ..#######... ..........##
#.# .......))..# #.# #@# .# # #.#
## #g# .# .... ### #.# ..
#.##.####.######## ..# #.# .
#g................ #.# #.# # #.
##...####.......## #.###.# .#
##.###.#### #.####.###
#.....##.###...##....###.##.....#
......................>..##.#.#.#
#..###.#####...##.............#.#


You could see 2 gnolls.

Vanquished Creatures
  2 gnolls (D:3)
  3 dart slugs
  4 ball pythons
  5 bats
  2 endoplasms
  A giant cockroach (D:2)
  4 goblins
  4 hobgoblins
  2 quokkas
  3 frilled lizards
  2 kobolds
  4 rats
36 creatures vanquished.

Notes
Turn   | Place    | Note
-------+----------+-------------------------------------------
     0 | D:1      | qw the Djinni Hunter began the quest for the Orb.
     0 | D:1      | Reached XP level 1. HP: 18/18 MP: 0/0
     0 | D:1      | 0 ||| qw: Version: 0.3-a-135-gb77e89d
     0 | D:1      | 0 ||| qw: Game counter: 812
     0 | D:1      | 0 ||| qw: Melee chars always use a shield: true
     0 | D:1      | 0 ||| qw: God list: Okawaru
     0 | D:1      | 0 ||| qw: Allow faded altars: false
     0 | D:1      | 0 ||| qw: Do Orc after clearing Dungeon:15 true
     0 | D:1      | 0 ||| qw: Do second Lair branch before Depths: true
     0 | D:1      | 0 ||| qw: Lair rune preference: random
     0 | D:1      | 0 ||| qw: Goals: Normal
     0 | D:1      | 0 ||| PLANNING D:1-11
    72 | D:1      | Reached XP level 2. HP: 23/23 MP: 0/0
   315 | D:1      | Reached XP level 3. HP: 28/28 MP: 0/0
   315 | D:1      | Learned a level 1 spell: Necrotise
   416 | D:1      | Reached skill level 4 in Ranged Weapons
   648 | D:1      | 648 ||| UPGRADING to +0 ring mail.
   658 | D:1      | 658 ||| DROPPING +0 leather armour.
   659 | D:1      | 659 ||| READING scroll labelled INLOFI GOEHA.
   660 | D:1      | 660 ||| DRINKING 2 fizzy yellow potions.
   661 | D:1      | 661 ||| DRINKING 2 smoky sapphire potions.
   662 | D:1      | 662 ||| DRINKING potion of curing.
   662 | D:1      | 662 ||| (to cure confusion)
   663 | D:1      | 663 ||| DROPPING scroll of butterflies.
   664 | D:1      | 664 ||| DROPPING potion of ambrosia.
   747 | D:2      | Reached skill level 1 in Armour
   821 | D:2      | Found a faded altar of an unknown god.
   984 | D:2      | Identified the +2 rapier "Mourr" {flame, Str+3}
  1046 | D:2      | 1046 ||| UPGRADING to +0 helmet.
  1051 | D:2      | 1051 ||| UPGRADING to amulet of faith.
  1056 | D:2      | 1056 ||| READING 2 scrolls labelled MOJ LEPALU.
  1057 | D:2      | 1057 ||| READING scroll labelled LOGRA CIUSO.
  1062 | D:2      | 1062 ||| READING scroll labelled MEFRYQ ESKU.
  1163 | D:2      | 1163 ||| DRINKING 2 murky emerald potions.
  1164 | D:2      | 1164 ||| DROPPING scroll of immolation.
  1273 | D:3      | Found an opulent altar of Gozag.
  1274 | D:3      | Found a sacrificial altar of Ru.
  1305 | D:3      | Found a hazy altar of Hepliaklqana.
  1388 | D:3      | Reached XP level 4. HP: 34/34 MP: 0/0
  1394 | D:3      | HP: 2/34 [gnoll/+2 heavy flail (14)]
  1396 | D:3      | Reached skill level 3 in Fighting
  1414 | D:3      | HP: 2/35 [gnoll/+0 whip (5)]
  1416 | D:3      | Slain by a gnoll

Levels and vault maps discovered:
D:1:      heliophobic_arrival_henge, layout_loops_ring
D:2:      layout_rooms, shapermc_ecumenical_altar_totnotflames
D:3:      layout_loops_ring, nicolae_overflow_two_pavilions,
          mainiacjoe_overflow_concentric_impassable

Skill      XL: |  1  2  3  4 |
---------------+-------------+-----
Ranged Weapons | 4 |  4.0
Armour         | 1 |  1.0
Fighting       | 3 |  3.0
Dodging        | |  2.1
Stealth        | |  0.7

Action                     |  1- 3 |  4- 6 || total
---------------------------+-------+-------++-------
   Fire: Shortbow          |    96 |    14 ||   110
    Use: Scroll            |     4 |       ||     4
         Potion            |     4 |       ||     4
 Armour: Leather armour    |    11 |       ||    11
         Ring mail         |       |     7 ||     7
  Dodge: Dodged            |    15 |     3 ||    18

Table legend:
 A = Non-vault XP
 B = Vault XP
 C = Vault XP percentage of total XP
 D = Non-vault monster count
 E = Vault monster count
 F = Vault count percentage of total count
                 A         B        C        D         E       F
            +---------+---------+-------+---------+---------+-------
      Total |      90 |       0 |   0.0 |      36 |       0 |   0.0
            +---------+---------+-------+---------+---------+-------
        D:1 |      34 |       0 |   0.0 |      18 |       0 |   0.0
        D:2 |      26 |       0 |   0.0 |      15 |       0 |   0.0
        D:3 |      30 |       0 |   0.0 |       3 |       0 |   0.0
            +---------+---------+-------+---------+---------+-------
